 Dungeon Crawl Stone Soup version 0.13-a0-2236-g7be3fc8 (webtiles) character file.

3761 Kae the Martial Artist (level 9, -3/69 HPs)
             Began as a Grey Draconian Monk on July 4, 2013.
             Was a Believer of Ashenzari.
             Slain by a hill giant
             ... wielding a +2,+2 great mace of crushing
              (18 damage)
             ... on Level 7 of the Dungeon.
             The game lasted 00:22:35 (10086 turns).

Kae the Martial Artist (Grey Draconian Monk)       Turns: 10086, Time: 00:22:36

HP  -3/69        AC 12     Str 13      XL: 9   Next: 78%
MP   8/8         EV 16     Int 17      God: Ashenzari [**....]
Gold 301         SH  0     Dex 16      Spells:  1 memorised,  6 levels left

Res.Fire  : + . .   See Invis. : .     - Unarmed
Res.Cold  : . . .   Warding    : .   (armour unavailable)
Life Prot.: . . .   Conserve   : .   (no shield)
Res.Poison: .       Res.Corr.  : .   (helmet restricted)
Res.Elec. : .       Clarity    : .   (no cloak)
Sust.Abil.: . .     Spirit.Shd : .   (no gloves)
Res.Mut.  : .       Stasis     : .   (no boots)
Res.Rott. : .       Flight     : .   (no amulet)
Saprovore : . . .                    (no ring)
                                     q - cursed ring of protection from fire

@: brilliant, studying Air Magic, slightly resistant to hostile enchantments,
fairly stealthy
A: walk through water, unfitting armour, unbreathing, AC +12
a: Renounce Religion


You were on level 7 of the Dungeon.
You worshipped Ashenzari.
Ashenzari was most pleased with you.
You were not hungry.

You visited 2 branches of the dungeon, and saw 8 of its levels.

You collected 301 gold pieces.

Inventory:

Magical devices
 g - a wand of cold (15) {unknown}
 h - a wand of lightning (0)
 n - a wand of slowing (7)
 s - a wand of digging (3)
 y - a wand of disintegration (5)
Comestibles
 b - 6 bread rations
 i - an apple
 j - a banana
Scrolls
 a - 2 scrolls of remove curse
 e - 7 scrolls of identify
 l - 2 scrolls of enchant weapon I
 r - a scroll of enchant weapon II {unknown}
 v - a scroll of fear
 w - 2 scrolls of curse armour
 C - a scroll of curse weapon
 D - a scroll of curse jewellery
Jewellery
 q - a cursed ring of protection from fire (left hand)
 t - an uncursed amulet of resist corrosion {unknown}
 x - a +2 ring of evasion
 B - an uncursed ring of poison resistance {unknown}
Potions
 d - a potion of flight
 f - 4 potions of curing
 k - a potion of brilliance
 m - 2 potions of restore abilities
 p - a potion of magic
Books
 c - a book of Power

   Spells                             Type                      Level
   Iskenderun's Mystic Blast          Conjuration                  4
   Venom Bolt                         Conjuration/Poison           5
   Bolt of Magma                      Conjuration/Fire/Earth       5
   Poisonous Cloud                    Conjuration/Poison/Air       6
   Iron Shot                          Conjuration/Earth            6
   Orb of Destruction                 Conjuration                  7
 o - a book of Dreams

   Spells                             Type                      Level
   Ensorcelled Hibernation            Hexes/Ice                    2
   Flight                             Charms/Air                   3
   Phase Shift                        Translocation                5
   Shadow Creatures                   Summoning                    5
   Mass Confusion                     Hexes                        6
   Darkness                           Hexes                        7
 u - a manual of Air Magic
 z - a book of Party Tricks

   Spells                             Type                      Level
   Summon Butterflies                 Summoning                    1
   Apportation                        Translocation                1
   *Blink                             Translocation                2
   Alistair's Intoxication            Transmutation/Poison         4
   Tukima's Dance                     Hexes                        5


   Skills:
 - Level 3.2 Fighting
 + Level 6.7 Dodging
 - Level 1.7 Stealth
 * Level 11.7 Unarmed Combat


You had 6 spell levels left.
You knew the following spells:

 Your Spells              Type           Power        Failure   Level  Hunger
a - Blink                 Tloc           N/A          4%          2    ###....


Dungeon Overview and Level Annotations

Branches:
Dungeon (7/27)             Temple (1/1) D:6
    Orc: D:6-11

Altars:
Ashenzari
Cheibriados
Elyvilon
Fedhas
Kikubaaqudgha
Makhleb
Nemelex Xobeh
Okawaru
Sif Muna
Trog
Vehumet
Xom
Yredelemnul
Zin
the Shining One

Annotations
D:7 exclusion: hill giant


Innate Abilities, Weirdness & Mutations

You can walk through water.
Your dull iron-grey scales are very hard (AC +12).
Your body does not fit into most forms of armour.
Your cold-blooded metabolism reacts poorly to cold.
You can survive without breathing.


Message History

You punch the hill giant!
You punch the hill giant, but do no damage.
The hill giant is lightly wounded.
The hill giant hits you with a glowing great mace!
You hit the hill giant but do no damage.
The hill giant is lightly wounded.
You punch the hill giant! You tail-slap the hill giant.
The hill giant is moderately wounded.
The hill giant hits you with a glowing great mace!
You punch the hill giant!
The hill giant is heavily wounded.
The hill giant hits you with a glowing great mace!
* * * LOW HITPOINT WARNING * * *
Drink which item? (? for menu, Esc to quit)
You feel more clever all of a sudden.
It was a potion of brilliance.
Drink which item? (? for menu, Esc to quit)
You feel better.
The hill giant hits you with a glowing great mace!
You die...

#.'))....'.####.......)......
#.#8....8#.# #.........#####
####(##8.(8##.####.#.#.#####
##.....######.........#.#
#..###'#*, #'###...###.# ##
#.##...######.#.##..###.# #.
#.#.#.##=##"##.#.#..##..# #.
#.#.##.#.#*..###)#..##.## #.
#.#.#.##.#* #..#@#..##.# ######.
#.#(###..##$##.#C#..##.# #......
#.##(...####....##..##.# #.####.
#..######..######...##.# #.####.
##................#.##.# #.##...
##################.##[####.##)#.
#.##.##......## #...........###
#########......


You could see a hill giant.

Vanquished Creatures
  The ghost of onwiheg the Fighter, an experienced CeBe of Trog (D:6)
  A hippogriff (D:7)
  3 ice beasts
  4 phantoms
  A sky beast (D:6)
  4 ogres
  A two-headed ogre zombie (D:7)
  Blork the orc (D:6)
  2 water moccasins
  A giant frog (D:6)
  A vampire bat (D:4)
  5 crimson imps
  A quasit (D:6)
  5 orc priests
  A scorpion (D:4)
  3 hounds
  2 hound zombies
  3 iguanas
  5 orc wizards
  A worker ant (D:6)
  A worm zombie (D:7)
  The ghost of 4tharraofdagon the Grave Robber, a weakling SpNe (D:5)
  2 jellies
  8 gnolls
  4 giant mites
  9 adders
  2 worms
  A bat zombie (D:6)
  2 giant geckos
  19 orcs
  19 bats
  15 hobgoblins
  20 jackals
  11 kobolds
  5 quokkas
  2 ball pythons
  A giant cockroach (D:4)
  3 giant newts
  A giant spore (D:7)
  14 goblins
  A hobgoblin zombie (D:6)
  A kobold skeleton (D:3)
  An orc skeleton (D:4)
  2 orc zombies
  A quokka skeleton (D:6)
  9 rats
  2 rat skeletons
  A rat zombie (D:5)
  A ballistomycete (D:7)
205 creatures vanquished.

Vanquished Creatures (others)
  An orc wizard (D:6)
  An orc (D:6)
2 creatures vanquished.

Grand Total: 207 creatures vanquished

Notes
Turn   | Place    | Note
--------------------------------------------------------------
     0 | D:1      | Kae, the Draconian Monk, began the quest for the Orb.
     0 | D:1      | Reached XP level 1. HP: 17/17 MP: 0/0
    49 | D:1      | Found a shimmering altar of Xom.
   385 | D:1      | Reached XP level 2. HP: 21/24 MP: 1/1
   790 | D:2      | Found a deep blue altar of Sif Muna.
   955 | D:2      | Reached skill level 5 in Unarmed Combat
   955 | D:2      | Reached XP level 3. HP: 28/30 MP: 2/2
   998 | D:2      | Reached XP level 4. HP: 19/37 MP: 3/3
  1420 | D:3      | Found a shimmering altar of Xom.
  1523 | D:3      | Noticed an ogre
  1872 | D:3      | Reached skill level 6 in Unarmed Combat
  2688 | D:3      | Reached XP level 5. HP: 19/44 MP: 4/4
  3756 | D:4      | Noticed an ogre
  3762 | D:4      | Killed an ogre
  3762 | D:4      | Reached skill level 7 in Unarmed Combat
  3778 | D:4      | Reached XP level 6. HP: 34/50 MP: 5/5
  4794 | D:5      | Entered Level 5 of the Dungeon
  4810 | D:4      | Reached skill level 8 in Unarmed Combat
  4958 | D:5      | Your scales start taking on a dull iron-grey colour.
  4958 | D:5      | Gained mutation: You can survive without breathing. [draconian maturity]
  4958 | D:5      | Reached XP level 7. HP: 45/56 MP: 6/6
  4960 | D:5      | Found a snail-covered altar of Cheibriados.
  4984 | D:5      | Noticed 4tharraofdagon's ghost (weakling SpNe)
  4992 | D:5      | Killed 4tharraofdagon's ghost
  5364 | D:5      | Learned a level 2 spell: Blink
  5680 | D:6      | Noticed onwiheg's ghost (experienced CeBe)
  5983 | D:5      | Identified a scroll of acquirement
  6509 | D:6      | Killed onwiheg's ghost
  6509 | D:6      | Reached skill level 9 in Unarmed Combat
  6509 | D:6      | Reached XP level 8. HP: 31/63 MP: 7/7
  6666 | D:6      | Found a staircase to the Ecumenical Temple.
  6694 | D:6      | Reached skill level 5 in Dodging
  6700 | D:6      | Reached skill level 10 in Unarmed Combat
  6712 | Temple   | Entered the Ecumenical Temple
  6920 | Temple   | Became a worshipper of Ashenzari the Shackled
  6920 | Temple   | Acquired Ashenzari's first power
  7169 | D:6      | Noticed Blork the orc
  7204 | D:6      | Killed Blork the orc
  7259 | D:6      | Reached XP level 9. HP: 59/69 MP: 8/8
  8654 | D:7      | Reached skill level 11 in Unarmed Combat
  9523 | D:7      | Noticed a hill giant
  9604 | D:7      | Noticed a cyclops
 10086 | D:7      | Slain by a hill giant

Action                   |  1- 3 |  4- 6 |  7- 9 || total
-------------------------+-------+-------+-------++-------
Melee: Unarmed           |    74 |   266 |   530 ||   870
 Cast: Blink             |       |       |     3 ||     3
Evoke: Wand              |       |       |     3 ||     3
  Use: Scroll            |       |     7 |    13 ||    20
       Potion            |       |       |     6 ||     6
 Stab: Sleeping          |     1 |     6 |     3 ||    10
       Distracted        |       |     1 |       ||     1
